[ AOE2 MATCH · #477458803 ]
UnrankedGoths vs Malians
[ REPLAY ANALYSIS · EXTRACTED FROM THE RECORDED GAME ]
Feudal
9:57
Castle
16:01
Imperial
31:21
| APM avg | 30.8 |
| APM peak | 101 |
| eAPM avg | 22.4 |
| Villagers / military | 144 / 720 |
Focus
⚔️ 64.4% · 🌾 35.6%
Spearman ×585 · Huskarl ×99 · Battering Ram ×27 · Trebuchet (Packed) ×5 · Militia ×3 · Monk ×1
Feudal
—
Castle
—
Imperial
—
| APM avg | 14.0 |
| APM peak | 33 |
| eAPM avg | 11.6 |
| Villagers / military | 106 / 420 |
Focus
⚔️ 36.6% · 🌾 63.4%
Skirmisher ×235 · Camel Scout ×80 · Gbeto ×53 · Scout Cavalry ×46 · Monk ×2 · Knight ×2
Feudal
11:26
Castle
16:20
Imperial
35:25
| APM avg | 17.3 |
| APM peak | 37 |
| eAPM avg | 14.0 |
| Villagers / military | 177 / 411 |
Focus
⚔️ 24.1% · 🌾 75.9%
Knight ×188 · Scout Cavalry ×105 · War Elephant ×102 · Trebuchet (Packed) ×15 · Trade Cart ×13 · Monk ×1
Feudal
—
Castle
—
Imperial
—
| APM avg | 35.6 |
| APM peak | 94 |
| eAPM avg | 21.0 |
| Villagers / military | 162 / 536 |
Focus
⚔️ 59.9% · 🌾 40.1%
Skirmisher ×191 · Spearman ×190 · Genoese Crossbowman ×143 · Trade Cart ×7 · Bombard Cannon ×7 · Trebuchet (Packed) ×4
Feudal
12:21
Castle
18:17
Imperial
33:34
| APM avg | 14.4 |
| APM peak | 38 |
| eAPM avg | 11.3 |
| Villagers / military | 129 / 215 |
Focus
⚔️ 29.7% · 🌾 70.3%
Conquistador ×164 · Trade Cart ×39 · Knight ×28 · Militia ×10 · Trebuchet (Packed) ×7 · Bombard Cannon ×5
Feudal
13:49
Castle
22:10
Imperial
34:40
| APM avg | 16.1 |
| APM peak | 64 |
| eAPM avg | 11.5 |
| Villagers / military | 87 / 307 |
Focus
⚔️ 39.7% · 🌾 60.3%
Spearman ×131 · Knight ×69 · Militia ×66 · Mangonel ×36 · Trade Cart ×19 · Trebuchet (Packed) ×4
Match map
Initial resources + every placement click. Lines = walls · curves = elevation contours. ◆ gold · ⬟ stone · ● berries · ✦ relic · ◌ wall gap
Your base· ✓ Closed at 16:01 · 20t walls · fragile
tonin0's base· ✓ Closed at 22:51 · 22t walls · 4 gate(s)
挚爱艾拉's base· ✓ Closed at 16:20 · 14t walls · fragile
ZenAFx's base· ✓ Closed at 14:19 · 19t walls · no gate
北冥's base· ✓ Closed at 18:17 · 8t walls · 2 gate(s) · fragile
avvo90's base· ✓ Closed at 22:10 · 43t walls · 1 gate(s)
Smoothed initial terrain · ◌ = detected wall gap · hover for details
Inputs per minute
— 秉烛狝影 - - tonin0
Build order — 秉烛狝影
First 150 of 1065 actions detected
| 0:03 | Build | House |
| 0:06 | Build | House |
| 0:10 | Create | Villager (Male) |
| 0:11 | Create | Villager (Male) |
| 0:11 | Create | Villager (Male) |
| 0:11 | Create | Villager (Male) |
| 0:11 | Create | Villager (Male) |
| 1:33 | Create | Villager (Male) |
| 2:17 | Create | Villager (Male) |
| 2:17 | Create | Villager (Male) |
| 2:31 | Create | Villager (Male) |
| 2:31 | Create | Villager (Male) |
| 3:08 | Create | Villager (Male) |
| 3:08 | Create | Villager (Male) |
| 3:09 | Create | Villager (Male) |
| 3:09 | Create | Villager (Male) |
| 3:09 | Create | Villager (Male) |
| 3:46 | Build | House |
| 3:53 | Create | Villager (Male) |
| 3:53 | Create | Villager (Male) |
| 4:16 | Build | Lumber Camp |
| 4:23 | Create | Villager (Male) |
| 4:23 | Create | Villager (Male) |
| 4:45 | Create | Villager (Male) |
| 5:01 | Build | Palisade Wall |
| 5:18 | Create | Villager (Male) |
| 5:53 | Build | Palisade Wall |
| 6:35 | Build | Mill |
| 7:47 | Research | Feudal Age |
| 7:47 | Research | Feudal Age |
| 8:08 | Build | Palisade Wall |
| 9:57 | Age | Feudal Age |
| 10:17 | Build | Blacksmith |
| 10:28 | Build | Market |
| 13:21 | Research | Castle Age |
| 13:21 | Research | Castle Age |
| 14:40 | Research | Double-Bit Axe |
| 15:21 | Research | Horse Collar |
| 15:54 | Build | House |
| 15:55 | Build | House |
| 16:01 | Age | Castle Age |
| 16:02 | Create | Villager (Male) |
| 16:03 | Create | Villager (Male) |
| 16:03 | Create | Villager (Male) |
| 16:03 | Create | Villager (Male) |
| 16:03 | Create | Villager (Male) |
| 16:04 | Create | Villager (Male) |
| 16:27 | Build | Town Center |
| 16:42 | Build | Town Center |
| 16:47 | Create | Villager (Male) |
| 16:56 | Build | Farm |
| 17:06 | Create | Villager (Male) |
| 17:31 | Build | Farm |
| 17:47 | Build | Farm |
| 17:48 | Build | Farm |
| 17:49 | Build | Farm |
| 17:54 | Build | Farm |
| 17:57 | Create | Villager (Male) |
| 17:58 | Create | Villager (Male) |
| 18:24 | Create | Villager (Male) |
| 18:25 | Create | Villager (Male) |
| 18:33 | Build | Farm |
| 19:02 | Build | Farm |
| 19:04 | Build | Farm |
| 19:05 | Build | Farm |
| 19:11 | Build | Farm |
| 19:13 | Create | Villager (Male) |
| 19:14 | Create | Villager (Male) |
| 19:32 | Build | Farm |
| 19:38 | Create | Villager (Male) |
| 19:38 | Create | Villager (Male) |
| 19:48 | Build | Farm |
| 19:52 | Build | Farm |
| 19:56 | Create | Villager (Male) |
| 20:28 | Build | Mining Camp |
| 20:32 | Create | Villager (Male) |
| 20:32 | Create | Villager (Male) |
| 20:34 | Create | Villager (Male) |
| 20:56 | Build | House |
| 20:58 | Build | House |
| 21:11 | Research | Bow Saw |
| 21:33 | Create | Villager (Male) |
| 21:34 | Create | Villager (Male) |
| 22:07 | Build | Palisade Wall |
| 22:19 | Build | House |
| 22:22 | Build | House |
| 22:24 | Build | House |
| 22:25 | Build | House |
| 22:26 | Build | House |
| 22:28 | Build | House |
| 22:38 | Build | Farm |
| 22:47 | Build | Farm |
| 22:54 | Create | Villager (Male) |
| 22:54 | Create | Villager (Male) |
| 22:54 | Create | Villager (Male) |
| 22:55 | Create | Villager (Male) |
| 22:56 | Create | Villager (Male) |
| 22:56 | Create | Villager (Male) |
| 23:28 | Create | Villager (Male) |
| 23:29 | Create | Villager (Male) |
| 23:36 | Build | Farm |
| 23:45 | Create | Villager (Male) |
| 23:46 | Create | Villager (Male) |
| 23:58 | Build | Farm |
| 24:25 | Build | Farm |
| 24:28 | Create | Villager (Male) |
| 24:29 | Create | Villager (Male) |
| 24:31 | Research | Heavy Plow |
| 24:51 | Build | Barracks |
| 25:05 | Create | Villager (Male) |
| 25:06 | Create | Villager (Male) |
| 25:15 | Build | Farm |
| 25:17 | Create | Villager (Male) |
| 25:21 | Create | Villager (Male) |
| 25:33 | Build | Monastery |
| 25:53 | Build | Farm |
| 25:56 | Build | Farm |
| 26:03 | Build | University |
| 26:12 | Build | Barracks |
| 26:22 | Build | Farm |
| 26:29 | Build | Farm |
| 26:31 | Create | Monk |
| 26:44 | Build | Lumber Camp |
| 26:55 | Create | Villager (Male) |
| 26:55 | Create | Villager (Male) |
| 26:58 | Create | Villager (Male) |
| 26:58 | Create | Villager (Male) |
| 27:12 | Build | Barracks |
| 27:18 | Build | Farm |
| 27:24 | Build | Farm |
| 27:26 | Create | Villager (Male) |
| 27:28 | Create | Villager (Male) |
| 27:53 | Build | Castle |
| 28:11 | Research | Imperial Age |
| 28:22 | Research | Gold Mining |
| 28:22 | Research | Stone Mining |
| 28:30 | Create | Villager (Male) |
| 28:34 | Create | Villager (Male) |
| 29:02 | Create | Spearman |
| 29:02 | Create | Spearman |
| 29:02 | Create | Spearman |
| 29:02 | Create | Spearman |
| 29:04 | Create | Spearman |
| 29:04 | Create | Spearman |
| 29:04 | Create | Spearman |
| 29:06 | Create | Spearman |
| 29:22 | Build | Farm |
| 29:27 | Create | Villager (Male) |
| 29:28 | Create | Villager (Male) |
| 29:28 | Create | Villager (Male) |
Build order — tonin0
First 150 of 376 actions detected
| 0:02 | Create | Villager (Male) ×4 |
| 0:05 | Build | House |
| 0:09 | Build | House |
| 0:16 | Research | Loom |
| 0:16 | Create | Villager (Male) |
| 0:17 | Create | Villager (Male) |
| 0:17 | Create | Villager (Male) |
| 0:17 | Create | Villager (Male) |
| 1:10 | Build | Palisade Gate |
| 1:54 | Build | Palisade Wall |
| 2:05 | Build | Palisade Wall |
| 2:15 | Create | Villager (Male) |
| 2:24 | Build | Palisade Wall |
| 2:30 | Build | Palisade Wall |
| 2:51 | Build | Palisade Gate |
| 2:55 | Build | Palisade Wall |
| 2:57 | Build | Palisade Wall |
| 3:01 | Create | Villager (Male) |
| 3:01 | Create | Villager (Male) |
| 3:14 | Create | Villager (Male) |
| 3:14 | Create | Villager (Male) |
| 3:49 | Create | Villager (Male) |
| 4:45 | Build | Mill |
| 5:11 | Create | Villager (Male) |
| 5:34 | Create | Villager (Male) |
| 5:34 | Create | Villager (Male) |
| 5:54 | Create | Villager (Male) |
| 6:05 | Build | House |
| 6:40 | Create | Villager (Male) |
| 6:41 | Create | Villager (Male) |
| 6:55 | Build | Lumber Camp |
| 7:16 | Create | Villager (Male) |
| 7:53 | Build | House |
| 8:43 | Create | Villager (Male) |
| 8:43 | Create | Villager (Male) |
| 8:44 | Create | Villager (Male) |
| 9:20 | Create | Villager (Male) |
| 9:20 | Create | Villager (Male) |
| 9:25 | Build | House |
| 9:43 | Build | Mill |
| 10:00 | Create | Villager (Male) |
| 10:00 | Create | Villager (Male) |
| 10:22 | Build | Mill |
| 10:45 | Create | Villager (Male) |
| 10:55 | Build | Mining Camp |
| 11:01 | Create | Villager (Male) |
| 11:48 | Build | Mining Camp |
| 12:13 | Create | Villager (Male) |
| 13:23 | Research | Feudal Age |
| 13:43 | Build | Barracks |
| 14:00 | Create | Villager (Male) |
| 14:00 | Create | Villager (Male) |
| 14:02 | Create | Villager (Male) |
| 14:07 | Build | House |
| 15:21 | Build | Farm |
| 15:28 | Build | Farm |
| 15:30 | Create | Villager (Male) |
| 15:34 | Research | Double-Bit Axe |
| 16:17 | Build | Archery Range |
| 16:29 | Create | Villager (Male) |
| 16:30 | Create | Villager (Male) |
| 16:36 | Build | House |
| 16:53 | Build | Blacksmith |
| 17:08 | Create | Villager (Male) |
| 17:19 | Build | Farm |
| 17:20 | Build | Farm |
| 17:25 | Build | Farm |
| 17:25 | Build | Farm |
| 17:27 | Build | Farm |
| 17:28 | Build | Farm |
| 17:51 | Build | Market |
| 18:02 | Create | Villager (Male) |
| 18:02 | Create | Villager (Male) |
| 18:51 | Build | Gate |
| 18:56 | Build | Stone Wall |
| 18:57 | Build | Stone Wall |
| 18:59 | Build | Stone Wall |
| 19:03 | Create | Villager (Male) |
| 19:04 | Create | Villager (Male) |
| 19:11 | Create | Skirmisher |
| 19:11 | Create | Skirmisher |
| 19:17 | Build | Farm |
| 19:35 | Create | Trade Cart |
| 20:01 | Build | House |
| 20:28 | Build | Farm |
| 20:30 | Create | Villager (Male) |
| 21:02 | Build | Farm |
| 21:17 | Build | Farm |
| 21:19 | Build | Farm |
| 21:20 | Build | Farm |
| 21:23 | Research | Horse Collar |
| 21:36 | Build | Gate |
| 21:39 | Build | Stone Wall |
| 21:40 | Build | Stone Wall |
| 21:41 | Build | Stone Wall |
| 21:42 | Build | Stone Wall |
| 21:47 | Build | Stone Wall |
| 21:56 | Research | Stone Mining |
| 21:59 | Research | Gold Mining |
| 22:28 | Build | Stable |
| 22:31 | Build | Stable |
| 22:51 | Research | Castle Age |
| 22:54 | Create | Villager (Male) |
| 22:54 | Create | Villager (Male) |
| 22:58 | Create | Villager (Male) |
| 22:58 | Create | Villager (Male) |
| 23:03 | Build | House |
| 23:39 | Research | Forging |
| 24:15 | Research | Wheelbarrow |
| 24:26 | Research | Fletching |
| 24:38 | Create | Skirmisher |
| 24:38 | Create | Skirmisher |
| 25:01 | Create | Trade Cart |
| 25:09 | Research | Scale Barding Armor |
| 25:37 | Build | Town Center |
| 25:49 | Build | Monastery |
| 26:17 | Build | Castle |
| 26:24 | Research | Thumb Ring |
| 26:29 | Research | Thumb Ring |
| 26:39 | Build | House |
| 26:41 | Build | House |
| 26:49 | Research | Heavy Plow |
| 26:56 | Create | Monk |
| 26:57 | Create | Monk |
| 27:06 | Create | Knight |
| 27:18 | Create | Villager (Male) |
| 27:26 | Create | Villager (Male) |
| 28:19 | Research | Elite Skirmisher (upgrade) |
| 28:23 | Create | Villager (Male) ×5 |
| 28:38 | Create | Gbeto |
| 28:54 | Research | Redemption |
| 29:00 | Build | Farm |
| 29:05 | Create | Villager (Male) |
| 29:05 | Create | Villager (Male) |
| 29:07 | Create | Villager (Male) |
| 29:17 | Create | Knight |
| 30:13 | Build | Farm |
| 30:15 | Build | Farm |
| 30:18 | Build | Farm |
| 31:02 | Build | Archery Range |
| 31:05 | Build | Siege Workshop |
| 31:16 | Build | Castle |
| 31:23 | Build | Mining Camp |
| 31:29 | Create | Villager (Male) |
| 31:30 | Create | Villager (Male) |
| 31:34 | Research | Bodkin Arrow |
| 31:35 | Research | Padded Archer Armor |
| 31:49 | Research | Bloodlines |
| 31:49 | Research | Light Cavalry (upgrade) |
| 31:50 | Create | Scout Cavalry ×2 |
Build order — 挚爱艾拉
First 150 of 490 actions detected
| 0:04 | Create | Villager (Male) ×5 |
| 0:06 | Build | House |
| 0:09 | Build | House |
| 1:46 | Create | Villager (Male) |
| 1:51 | Build | Lumber Camp |
| 2:10 | Create | Villager (Male) |
| 2:44 | Create | Villager (Male) |
| 2:44 | Create | Villager (Male) |
| 3:11 | Create | Villager (Male) |
| 3:12 | Create | Villager (Male) |
| 3:22 | Build | Mill |
| 3:35 | Create | Villager (Male) |
| 3:36 | Create | Villager (Male) |
| 3:44 | Build | House |
| 3:57 | Create | Villager (Male) |
| 3:57 | Create | Villager (Male) |
| 4:10 | Create | Villager (Male) |
| 4:11 | Create | Villager (Male) |
| 4:37 | Create | Villager (Male) |
| 4:37 | Create | Villager (Male) |
| 5:24 | Create | Villager (Male) |
| 5:24 | Create | Villager (Male) |
| 5:24 | Create | Villager (Male) |
| 5:45 | Create | Villager (Male) |
| 5:45 | Create | Villager (Male) |
| 5:53 | Build | House |
| 5:59 | Create | Villager (Male) |
| 6:23 | Create | Villager (Male) |
| 6:51 | Create | Villager (Male) |
| 7:37 | Create | Villager (Male) |
| 7:38 | Create | Villager (Male) |
| 7:56 | Build | House |
| 8:39 | Build | Mining Camp |
| 8:56 | Create | Villager (Male) |
| 9:09 | Build | Farm |
| 9:21 | Research | Feudal Age |
| 9:46 | Build | Farm |
| 9:49 | Build | Farm |
| 9:52 | Build | Farm |
| 9:58 | Build | Farm |
| 10:02 | Build | Farm |
| 10:04 | Create | Villager (Male) |
| 10:04 | Create | Villager (Male) |
| 10:07 | Build | Farm |
| 10:11 | Build | Farm |
| 10:16 | Build | Farm |
| 10:38 | Build | Lumber Camp |
| 11:26 | Age | Feudal Age |
| 11:38 | Build | Blacksmith |
| 11:43 | Build | Market |
| 11:55 | Build | House |
| 12:28 | Research | Loom |
| 13:00 | Create | Villager (Male) |
| 13:24 | Create | Villager (Male) |
| 13:32 | Build | Farm |
| 13:33 | Build | Farm |
| 13:55 | Research | Castle Age |
| 13:55 | Research | Castle Age |
| 14:12 | Build | Mining Camp |
| 14:41 | Create | Villager (Male) |
| 14:42 | Create | Villager (Male) |
| 15:04 | Build | Palisade Wall |
| 15:20 | Research | Horse Collar |
| 15:25 | Research | Double-Bit Axe |
| 16:06 | Build | House |
| 16:09 | Build | House |
| 16:10 | Build | House |
| 16:12 | Build | House |
| 16:13 | Build | House |
| 16:14 | Build | House |
| 16:16 | Build | House |
| 16:20 | Age | Castle Age |
| 16:21 | Create | Villager (Male) |
| 16:21 | Create | Villager (Male) |
| 16:32 | Build | Town Center |
| 16:54 | Build | Town Center |
| 17:02 | Research | Heavy Plow |
| 17:30 | Build | Mining Camp |
| 17:32 | Create | Villager (Male) |
| 17:32 | Create | Villager (Male) |
| 17:57 | Create | Villager (Male) |
| 18:15 | Create | Villager (Male) |
| 18:16 | Create | Villager (Male) |
| 18:16 | Create | Villager (Male) |
| 18:16 | Create | Villager (Male) |
| 18:20 | Create | Villager (Male) |
| 18:38 | Create | Villager (Male) ×4 |
| 18:42 | Create | Villager (Male) |
| 18:53 | Build | Farm |
| 18:56 | Build | Farm |
| 18:58 | Build | Farm |
| 19:06 | Create | Villager (Male) |
| 19:08 | Create | Villager (Male) |
| 19:31 | Create | Villager (Male) |
| 19:39 | Build | Farm |
| 19:43 | Build | Farm |
| 19:52 | Build | House |
| 19:53 | Build | House |
| 19:54 | Build | House |
| 19:59 | Create | Villager (Male) |
| 20:00 | Create | Villager (Male) |
| 20:05 | Create | Villager (Male) |
| 20:13 | Build | Farm |
| 20:19 | Build | Farm |
| 20:24 | Build | Farm |
| 20:29 | Build | Farm |
| 20:32 | Build | Farm |
| 20:45 | Build | Farm |
| 20:49 | Create | Villager (Male) |
| 20:49 | Create | Villager (Male) |
| 20:51 | Create | Villager (Male) |
| 20:51 | Create | Villager (Male) |
| 20:52 | Create | Villager (Male) |
| 20:52 | Create | Villager (Male) |
| 20:59 | Build | Farm |
| 21:02 | Build | House |
| 21:04 | Build | House |
| 21:06 | Build | House |
| 21:07 | Build | House |
| 21:11 | Create | Villager (Male) |
| 21:13 | Create | Villager (Male) |
| 21:18 | Create | Villager (Male) |
| 21:30 | Build | Farm |
| 21:44 | Create | Villager (Male) |
| 21:45 | Create | Villager (Male) |
| 21:46 | Create | Villager (Male) |
| 21:49 | Create | Villager (Male) |
| 21:53 | Build | Farm |
| 21:59 | Create | Villager (Male) |
| 22:02 | Create | Villager (Male) |
| 22:11 | Build | Town Center |
| 22:17 | Create | Villager (Male) |
| 22:21 | Create | Villager (Male) |
| 22:24 | Create | Villager (Male) |
| 22:36 | Build | Town Center |
| 22:44 | Create | Villager (Male) |
| 22:45 | Create | Villager (Male) |
| 22:45 | Create | Villager (Male) |
| 22:55 | Create | Villager (Male) |
| 23:01 | Build | Farm |
| 23:03 | Build | Farm |
| 23:04 | Build | Farm |
| 23:08 | Create | Villager (Male) |
| 23:09 | Create | Villager (Male) |
| 23:13 | Create | Villager (Male) |
| 23:22 | Build | House |
| 23:23 | Build | House |
| 23:25 | Build | House |
| 23:27 | Build | House |
| 23:28 | Build | House |
Build order — ZenAFx
First 150 of 908 actions detected
| 0:04 | Build | House |
| 0:06 | Build | House |
| 0:07 | Create | Villager (Male) |
| 0:07 | Create | Villager (Male) |
| 0:07 | Create | Villager (Male) |
| 0:08 | Create | Villager (Male) |
| 0:08 | Create | Villager (Male) |
| 0:08 | Create | Villager (Male) |
| 0:09 | Research | Loom |
| 1:00 | Build | Palisade Wall |
| 2:49 | Create | Villager (Male) |
| 2:49 | Create | Villager (Male) |
| 2:49 | Create | Villager (Male) |
| 2:54 | Create | Villager (Male) |
| 2:54 | Create | Villager (Male) |
| 3:48 | Build | Palisade Wall |
| 4:36 | Create | Villager (Male) |
| 4:36 | Create | Villager (Male) |
| 4:36 | Create | Villager (Male) |
| 4:36 | Create | Villager (Male) |
| 4:36 | Create | Villager (Male) |
| 5:41 | Build | Lumber Camp |
| 5:52 | Build | Lumber Camp |
| 6:02 | Create | Villager (Male) |
| 6:02 | Create | Villager (Male) |
| 6:03 | Create | Villager (Male) |
| 6:03 | Create | Villager (Male) |
| 6:04 | Create | Villager (Male) |
| 6:05 | Create | Villager (Male) |
| 6:09 | Build | House |
| 8:45 | Build | Mill |
| 8:54 | Create | Villager (Male) |
| 9:26 | Build | Mill |
| 9:30 | Research | Feudal Age |
| 10:46 | Build | Mining Camp |
| 11:19 | Create | Villager (Male) |
| 11:19 | Create | Villager (Male) |
| 11:44 | Build | Stone Wall |
| 11:49 | Build | House |
| 11:53 | Build | House |
| 12:51 | Build | Blacksmith |
| 13:08 | Build | Market |
| 13:23 | Create | Villager (Male) |
| 13:36 | Create | Villager (Male) |
| 14:16 | Build | Mining Camp |
| 14:19 | Research | Castle Age |
| 14:48 | Create | Villager (Male) |
| 14:48 | Create | Villager (Male) |
| 16:14 | Build | Lumber Camp |
| 16:22 | Create | Villager (Male) |
| 16:22 | Create | Villager (Male) |
| 16:39 | Research | Double-Bit Axe |
| 17:39 | Build | Town Center |
| 17:48 | Create | Villager (Male) |
| 17:48 | Create | Villager (Male) |
| 17:48 | Create | Villager (Male) |
| 17:53 | Build | House |
| 17:54 | Build | House |
| 18:30 | Build | Town Center |
| 18:35 | Create | Villager (Male) |
| 18:36 | Create | Villager (Male) |
| 18:36 | Create | Villager (Male) |
| 18:37 | Create | Villager (Male) |
| 18:45 | Build | Farm |
| 18:52 | Research | Horse Collar |
| 19:09 | Build | House |
| 19:10 | Build | House |
| 19:12 | Build | House |
| 19:35 | Build | Farm |
| 19:46 | Build | Barracks |
| 19:52 | Create | Villager (Male) |
| 19:52 | Create | Villager (Male) |
| 19:52 | Create | Villager (Male) |
| 19:57 | Build | Farm |
| 20:12 | Build | Farm |
| 20:14 | Build | Farm |
| 20:23 | Build | Farm |
| 20:44 | Build | Farm |
| 20:46 | Build | Farm |
| 20:54 | Build | Archery Range |
| 21:02 | Create | Villager (Male) |
| 21:02 | Create | Villager (Male) |
| 21:18 | Build | Mining Camp |
| 21:29 | Build | Farm |
| 21:31 | Build | Farm |
| 21:40 | Build | Farm |
| 21:48 | Research | Heavy Plow |
| 22:11 | Create | Villager (Male) |
| 22:11 | Create | Villager (Male) |
| 22:16 | Build | Farm |
| 22:20 | Build | Farm |
| 22:23 | Build | Farm |
| 22:27 | Build | Farm |
| 22:31 | Create | Villager (Male) |
| 22:31 | Create | Villager (Male) |
| 23:03 | Build | Mining Camp |
| 23:08 | Build | Farm |
| 23:11 | Research | Bow Saw |
| 23:14 | Create | Villager (Male) |
| 23:14 | Create | Villager (Male) |
| 23:15 | Create | Villager (Male) |
| 23:15 | Create | Villager (Male) |
| 23:43 | Build | Farm |
| 23:48 | Research | Wheelbarrow |
| 24:07 | Build | Monastery |
| 24:14 | Create | Villager (Male) |
| 24:14 | Create | Villager (Male) |
| 24:14 | Create | Villager (Male) |
| 24:14 | Create | Villager (Male) |
| 24:34 | Create | Villager (Male) |
| 24:34 | Create | Villager (Male) |
| 24:34 | Create | Villager (Male) |
| 24:45 | Build | Farm |
| 25:00 | Create | Monk |
| 25:13 | Build | Town Center |
| 25:23 | Build | Farm |
| 25:28 | Create | Villager (Male) |
| 25:28 | Create | Villager (Male) |
| 25:29 | Create | Villager (Male) |
| 25:29 | Create | Villager (Male) |
| 25:29 | Create | Villager (Male) |
| 25:30 | Create | Villager (Male) |
| 25:30 | Create | Villager (Male) |
| 25:30 | Create | Villager (Male) |
| 25:30 | Create | Villager (Male) |
| 25:48 | Create | Villager (Male) |
| 25:48 | Create | Villager (Male) |
| 26:20 | Build | Outpost |
| 26:27 | Create | Villager (Male) |
| 26:28 | Create | Villager (Male) |
| 26:28 | Create | Villager (Male) |
| 26:28 | Create | Villager (Male) |
| 26:28 | Create | Villager (Male) |
| 26:28 | Create | Villager (Male) |
| 26:29 | Create | Villager (Male) |
| 26:39 | Build | Farm |
| 26:41 | Build | Farm |
| 26:46 | Build | Farm |
| 26:50 | Build | Farm |
| 26:55 | Build | Farm |
| 27:02 | Create | Villager (Male) |
| 27:02 | Create | Villager (Male) |
| 27:02 | Create | Villager (Male) |
| 27:03 | Create | Villager (Male) |
| 27:03 | Create | Villager (Male) |
| 27:04 | Create | Villager (Male) |
| 27:07 | Build | Mining Camp |
| 27:13 | Create | Villager (Male) |
| 27:14 | Create | Villager (Male) |
| 27:14 | Create | Villager (Male) |
Build order — 北冥
First 150 of 419 actions detected
| 0:03 | Build | House |
| 0:05 | Build | House |
| 0:06 | Build | House |
| 0:08 | Create | Villager (Male) |
| 0:08 | Create | Villager (Male) |
| 0:33 | Create | Villager (Male) |
| 0:34 | Create | Villager (Male) |
| 2:03 | Create | Villager (Male) |
| 2:24 | Create | Villager (Male) |
| 2:24 | Create | Villager (Male) |
| 2:57 | Create | Villager (Male) |
| 2:57 | Create | Villager (Male) |
| 3:24 | Create | Villager (Male) |
| 3:24 | Create | Villager (Male) |
| 3:28 | Build | Mill |
| 4:38 | Create | Villager (Male) |
| 4:38 | Create | Villager (Male) |
| 4:38 | Create | Villager (Male) |
| 5:36 | Create | Villager (Male) |
| 5:37 | Create | Villager (Male) |
| 6:30 | Create | Villager (Male) |
| 6:31 | Create | Villager (Male) |
| 6:39 | Build | House |
| 6:52 | Create | Villager (Male) |
| 6:53 | Create | Villager (Male) |
| 6:53 | Create | Villager (Male) |
| 6:54 | Create | Villager (Male) |
| 7:14 | Build | House |
| 7:49 | Build | Palisade Gate |
| 7:55 | Build | Palisade Wall |
| 8:54 | Create | Villager (Male) |
| 9:14 | Build | Palisade Gate |
| 9:26 | Build | Lumber Camp |
| 9:46 | Create | Villager (Male) |
| 9:47 | Create | Villager (Male) |
| 9:59 | Build | Palisade Wall |
| 10:04 | Research | Feudal Age |
| 10:05 | Research | Feudal Age |
| 10:23 | Build | Farm |
| 10:34 | Build | Mining Camp |
| 10:56 | Build | Farm |
| 11:20 | Build | Farm |
| 11:23 | Create | Villager (Male) |
| 12:21 | Age | Feudal Age |
| 12:22 | Create | Villager (Male) |
| 12:51 | Build | Farm |
| 13:01 | Create | Villager (Male) |
| 13:01 | Create | Villager (Male) |
| 13:20 | Build | Market |
| 13:24 | Create | Villager (Male) |
| 13:25 | Build | Farm |
| 13:39 | Build | Farm |
| 14:10 | Create | Villager (Male) |
| 14:12 | Build | Farm |
| 14:37 | Build | House |
| 14:40 | Build | House |
| 14:49 | Create | Villager (Male) |
| 14:53 | Build | Farm |
| 15:18 | Build | Blacksmith |
| 15:37 | Research | Castle Age |
| 16:31 | Build | House |
| 16:32 | Build | House |
| 16:33 | Build | House |
| 16:33 | Build | House |
| 16:33 | Build | House |
| 16:34 | Build | House |
| 16:35 | Build | House |
| 16:35 | Build | House |
| 16:57 | Research | Horse Collar |
| 16:58 | Research | Double-Bit Axe |
| 17:22 | Create | Villager (Male) |
| 17:23 | Create | Villager (Male) |
| 18:17 | Age | Castle Age |
| 18:23 | Build | Town Center |
| 18:37 | Build | Town Center |
| 18:49 | Build | Barracks |
| 18:54 | Build | Farm |
| 18:56 | Create | Villager (Male) ×5 |
| 19:29 | Create | Villager (Male) |
| 19:29 | Create | Villager (Male) |
| 19:30 | Create | Villager (Male) |
| 19:31 | Create | Villager (Male) |
| 19:38 | Build | House |
| 19:40 | Build | House |
| 19:50 | Build | Farm |
| 20:07 | Create | Villager (Male) ×3 |
| 20:15 | Build | Farm |
| 20:32 | Build | Palisade Gate |
| 20:45 | Build | House |
| 20:45 | Build | House |
| 20:54 | Create | Villager (Male) ×3 |
| 20:58 | Build | Farm |
| 21:01 | Build | Farm |
| 21:11 | Build | Farm |
| 21:13 | Create | Villager (Male) |
| 21:25 | Create | Villager (Male) |
| 21:29 | Build | Farm |
| 21:33 | Build | Farm |
| 21:45 | Create | Villager (Male) |
| 21:50 | Build | Farm |
| 21:56 | Build | House |
| 22:01 | Create | Villager (Male) ×2 |
| 22:27 | Build | Archery Range |
| 22:31 | Create | Villager (Male) ×2 |
| 22:41 | Build | Farm |
| 22:53 | Create | Villager (Male) |
| 22:55 | Create | Villager (Male) |
| 22:55 | Create | Villager (Male) |
| 22:57 | Create | Villager (Male) |
| 22:57 | Create | Villager (Male) |
| 23:04 | Build | Farm |
| 23:17 | Create | Villager (Male) |
| 23:17 | Create | Villager (Male) |
| 23:20 | Create | Villager (Male) |
| 23:27 | Create | Villager (Male) |
| 23:27 | Create | Villager (Male) |
| 23:48 | Build | Farm |
| 24:01 | Create | Villager (Male) ×2 |
| 24:05 | Build | Farm |
| 24:09 | Create | Villager (Male) |
| 24:14 | Create | Villager (Male) |
| 24:21 | Create | Villager (Male) |
| 24:34 | Build | Farm |
| 24:35 | Build | Farm |
| 24:35 | Build | Farm |
| 24:36 | Build | Farm |
| 24:37 | Build | Farm |
| 24:38 | Build | Farm |
| 24:42 | Create | Villager (Male) |
| 24:52 | Create | Villager (Male) ×2 |
| 24:56 | Build | Farm |
| 25:02 | Build | Farm |
| 25:18 | Build | Castle |
| 25:27 | Create | Villager (Male) ×4 |
| 25:31 | Build | Farm |
| 25:36 | Create | Villager (Male) |
| 26:01 | Build | Farm |
| 26:01 | Build | Farm |
| 26:02 | Build | Farm |
| 26:03 | Build | Farm |
| 26:04 | Build | Farm |
| 26:05 | Build | Farm |
| 26:06 | Build | Farm |
| 26:06 | Build | Farm |
| 26:24 | Build | Palisade Gate |
| 26:28 | Build | Palisade Wall |
| 26:40 | Create | Conquistador |
| 26:40 | Create | Conquistador |
| 26:45 | Create | Villager (Male) ×5 |
| 26:46 | Create | Villager (Male) ×5 |
Build order — avvo90
First 150 of 399 actions detected
| 0:11 | Research | Loom |
| 0:11 | Create | Villager (Male) ×4 |
| 0:39 | Build | Palisade Wall |
| 1:06 | Build | House |
| 1:37 | Build | Palisade Wall |
| 2:02 | Build | House |
| 2:34 | Build | House |
| 2:37 | Build | House |
| 3:23 | Build | House |
| 3:37 | Create | Villager (Male) |
| 4:02 | Create | Villager (Male) |
| 4:35 | Create | Villager (Male) |
| 5:09 | Create | Villager (Male) |
| 5:35 | Create | Villager (Male) |
| 6:07 | Create | Villager (Male) |
| 6:17 | Create | Villager (Male) |
| 6:44 | Create | Villager (Male) |
| 7:09 | Create | Villager (Male) |
| 7:14 | Build | Lumber Camp |
| 7:41 | Create | Villager (Male) |
| 7:43 | Create | Villager (Male) |
| 8:34 | Create | Villager (Male) |
| 8:59 | Create | Villager (Male) |
| 9:11 | Build | Mill |
| 9:19 | Create | Villager (Male) |
| 9:46 | Create | Villager (Male) |
| 10:08 | Build | Mining Camp |
| 11:39 | Research | Feudal Age |
| 12:50 | Build | House |
| 12:55 | Create | Villager (Male) |
| 12:56 | Create | Villager (Male) |
| 13:49 | Age | Feudal Age |
| 13:51 | Build | Farm |
| 13:52 | Build | Farm |
| 13:53 | Build | Farm |
| 13:55 | Build | Farm |
| 13:56 | Build | Farm |
| 14:09 | Build | Blacksmith |
| 14:12 | Create | Villager (Male) |
| 14:16 | Research | Double-Bit Axe |
| 14:26 | Create | Villager (Male) |
| 15:07 | Create | Villager (Male) |
| 15:13 | Create | Villager (Male) |
| 15:16 | Create | Villager (Male) |
| 15:44 | Build | Market |
| 16:00 | Create | Villager (Male) |
| 16:31 | Build | Stone Wall |
| 16:42 | Create | Villager (Male) |
| 16:50 | Build | Mining Camp |
| 16:55 | Create | Villager (Male) |
| 17:25 | Build | House |
| 17:29 | Build | House |
| 17:36 | Build | House |
| 17:49 | Create | Villager (Male) |
| 18:00 | Create | Villager (Male) |
| 18:10 | Create | Villager (Male) |
| 18:26 | Build | Farm |
| 19:19 | Build | Barracks |
| 19:24 | Build | Farm |
| 19:30 | Research | Castle Age |
| 19:41 | Build | Mill |
| 19:54 | Build | Stone Wall |
| 20:06 | Research | Stone Mining |
| 20:42 | Build | Barracks |
| 21:02 | Build | Gate |
| 21:11 | Build | House |
| 21:33 | Build | Barracks |
| 21:39 | Create | Villager (Male) |
| 21:39 | Create | Villager (Male) |
| 22:06 | Build | Stone Wall |
| 22:10 | Age | Castle Age |
| 22:45 | Build | Stable |
| 22:47 | Build | Stable |
| 23:24 | Create | Villager (Male) |
| 23:24 | Create | Villager (Male) |
| 23:37 | Build | Town Center |
| 23:57 | Create | Villager (Male) |
| 24:00 | Create | Villager (Male) |
| 24:36 | Build | Stable |
| 24:38 | Build | Stable |
| 24:43 | Build | Farm |
| 24:48 | Research | Bow Saw |
| 24:50 | Create | Villager (Male) |
| 24:51 | Create | Villager (Male) |
| 25:14 | Build | Farm |
| 25:20 | Create | Villager (Male) |
| 25:42 | Build | Farm |
| 26:03 | Build | Castle |
| 26:09 | Build | Mining Camp |
| 26:12 | Create | Villager (Male) |
| 26:13 | Create | Villager (Male) |
| 26:13 | Create | Villager (Male) |
| 26:18 | Build | Farm |
| 26:21 | Create | Villager (Male) |
| 26:21 | Create | Villager (Male) |
| 26:25 | Build | Farm |
| 26:36 | Research | Gold Mining |
| 26:53 | Build | University |
| 26:54 | Build | House |
| 26:55 | Build | House |
| 27:09 | Create | Villager (Male) |
| 27:13 | Research | Wheelbarrow |
| 27:19 | Create | Villager (Male) |
| 27:21 | Create | Villager (Male) |
| 27:30 | Build | Farm |
| 27:37 | Create | Villager (Male) |
| 27:59 | Build | Farm |
| 28:07 | Create | Villager (Male) |
| 28:07 | Create | Villager (Male) |
| 28:12 | Research | Gold Shaft Mining |
| 28:15 | Research | Fortified Wall (upgrade) |
| 28:19 | Build | Farm |
| 28:21 | Build | Farm |
| 28:22 | Build | Farm |
| 28:30 | Build | Farm |
| 28:35 | Create | Villager (Male) |
| 28:46 | Build | Farm |
| 28:49 | Create | Villager (Male) |
| 29:16 | Build | House |
| 29:51 | Build | Town Center |
| 29:55 | Build | House |
| 30:04 | Create | Villager (Male) |
| 30:04 | Create | Villager (Male) |
| 30:24 | Create | Villager (Male) |
| 30:24 | Create | Villager (Male) |
| 30:48 | Create | Villager (Male) |
| 31:28 | Build | Siege Workshop |
| 31:30 | Research | Imperial Age |
| 31:59 | Build | Castle |
| 32:14 | Build | Siege Workshop |
| 32:23 | Create | Villager (Male) |
| 32:23 | Create | Villager (Male) |
| 32:24 | Create | Villager (Male) |
| 32:24 | Create | Villager (Male) |
| 32:38 | Create | Villager (Male) |
| 32:38 | Create | Villager (Male) |
| 32:39 | Create | Villager (Male) |
| 33:05 | Build | Siege Workshop |
| 33:16 | Research | Man-at-Arms (upgrade) |
| 33:19 | Research | Squires |
| 33:27 | Create | Mangonel |
| 33:27 | Create | Mangonel |
| 33:28 | Create | Mangonel |
| 33:36 | Build | Farm |
| 33:39 | Build | Farm |
| 33:42 | Create | Villager (Male) |
| 33:50 | Research | Fletching |
| 33:55 | Build | Mining Camp |
| 34:00 | Research | Long Swordsman (upgrade) |
| 34:14 | Research | Murder Holes |
Match timeline
| 0:39 | avvo90 · wall_segment Palisade Wall x12 |
| 1:00 | ZenAFx · wall_segment Palisade Wall x9 |
| 1:37 | avvo90 · wall_segment Palisade Wall x8 |
| 1:54 | tonin0 · wall_segment Palisade Wall x1 |
| 2:05 | tonin0 · wall_segment Palisade Wall x1 |
| 2:24 | tonin0 · wall_segment Palisade Wall x1 |
| 2:30 | tonin0 · wall_segment Palisade Wall x1 |
| 2:55 | tonin0 · wall_segment Palisade Wall x1 |
| 2:57 | tonin0 · wall_segment Palisade Wall x6 |
| 3:48 | ZenAFx · wall_segment Palisade Wall x1 |
| 5:01 | 秉烛狝影 · wall_segment Palisade Wall x6 |
| 5:53 | 秉烛狝影 · wall_segment Palisade Wall x8 |
| 7:55 | 北冥 · wall_segment Palisade Wall x5 |
| 8:08 | 秉烛狝影 · wall_segment Palisade Wall x7 |
| 9:57 | 秉烛狝影 · age_up feudal |
| 9:59 | 北冥 · wall_segment Palisade Wall x3 |
| 11:26 | 挚爱艾拉 · age_up feudal |
| 11:44 | ZenAFx · wall_segment Stone Wall x10 |
| 12:00 | 秉烛狝影 · first_market_sell 100 wood |
| 12:21 | 北冥 · age_up feudal |
| 13:43 | tonin0 · first_building Barracks |
| 13:49 | avvo90 · age_up feudal |
| 15:04 | 挚爱艾拉 · wall_segment Palisade Wall x14 |
| 15:04 | 北冥 · first_market_sell 100 food |
| 16:01 | 秉烛狝影 · age_up castle |
| 16:17 | tonin0 · first_building Archery Range |
| 16:20 | 挚爱艾拉 · age_up castle |
| 16:31 | avvo90 · wall_segment Stone Wall x12 |
| 18:17 | 北冥 · age_up castle |
| 18:49 | 北冥 · first_building Barracks |
| 18:56 | tonin0 · wall_segment Stone Wall x1 |
| 18:57 | tonin0 · wall_segment Stone Wall x1 |
| 18:59 | tonin0 · wall_segment Stone Wall x5 |
| 19:19 | avvo90 · first_building Barracks |
| 19:46 | ZenAFx · first_building Barracks |
| 19:54 | avvo90 · wall_segment Stone Wall x5 |
| 20:54 | ZenAFx · first_building Archery Range |
| 21:39 | tonin0 · wall_segment Stone Wall x1 |
| 21:40 | tonin0 · wall_segment Stone Wall x1 |
| 21:41 | tonin0 · wall_segment Stone Wall x1 |
| 21:42 | tonin0 · wall_segment Stone Wall x1 |
| 21:47 | tonin0 · wall_segment Stone Wall x1 |
| 22:06 | avvo90 · wall_segment Stone Wall x6 |
| 22:07 | 秉烛狝影 · wall_segment Palisade Wall x3 |
| 22:10 | avvo90 · age_up castle |
| 22:27 | 北冥 · first_building Archery Range |
| 22:28 | tonin0 · first_building Stable |
| 22:45 | avvo90 · first_building Stable |
| 24:07 | ZenAFx · first_building Monastery |
| 24:51 | 秉烛狝影 · first_building Barracks |
| 25:18 | 北冥 · first_building Castle |
| 25:33 | 秉烛狝影 · first_building Monastery |
| 25:49 | tonin0 · first_building Monastery |
| 26:03 | avvo90 · first_building Castle |
| 26:17 | tonin0 · first_building Castle |
| 26:28 | 北冥 · wall_segment Palisade Wall x8 |
| 26:37 | 挚爱艾拉 · first_building Castle |
| 27:53 | 秉烛狝影 · first_building Castle |
| 28:00 | ZenAFx · first_building Castle |
| 30:42 | 挚爱艾拉 · first_building Monastery |
| 31:05 | tonin0 · first_building Siege Workshop |
| 31:21 | 秉烛狝影 · age_up imperial |
| 31:28 | avvo90 · first_building Siege Workshop |
| 31:29 | 秉烛狝影 · first_building Archery Range |
| 31:38 | 挚爱艾拉 · first_building Barracks |
| 32:05 | ZenAFx · first_building Siege Workshop |
| 32:26 | 北冥 · first_building Monastery |
| 32:41 | ZenAFx · first_market_sell 100 food |
| 33:05 | 挚爱艾拉 · first_building Stable |
| 33:34 | 北冥 · age_up imperial |
| 34:40 | avvo90 · age_up imperial |
| 35:25 | 挚爱艾拉 · age_up imperial |
| 36:27 | 北冥 · first_building Stable |
| 39:09 | tonin0 · first_market_buy 100 wood |
| 40:07 | 挚爱艾拉 · first_building Archery Range |
| 41:24 | 挚爱艾拉 · tribute_sent a jugador 1 |
| 41:24 | 挚爱艾拉 · tribute_sent a jugador 3 |
| 41:24 | 挚爱艾拉 · tribute_sent a jugador 4 |
| 41:24 | 挚爱艾拉 · tribute_sent a jugador 5 |
| 41:24 | 挚爱艾拉 · tribute_sent a jugador 6 |
| 46:24 | avvo90 · first_building Monastery |
| 47:07 | ZenAFx · wall_segment Stone Wall x1 |
| 47:41 | 秉烛狝影 · first_building Siege Workshop |
| 50:54 | ZenAFx · wall_segment Stone Wall x1 |
| 52:58 | 挚爱艾拉 · first_market_sell 500 wood |
| 55:42 | ZenAFx · first_market_buy 100 stone |
| 57:11 | ZenAFx · wall_segment Stone Wall x1 |
| 57:21 | ZenAFx · wall_segment Stone Wall x1 |
| 57:52 | avvo90 · first_market_sell 100 wood |
| 60:31 | 北冥 · first_building Siege Workshop |
| 61:27 | ZenAFx · resign |
[ AI ANALYSIS · 1 CREDIT ]
What really happened in this match?
Wolo.gg analyzes every decision: build order, eco, micro, common mistakes by bracket. Personalized analysis on WhatsApp or Discord in 30 seconds.
Civ guide
Goths
Perfil
Jugador #19448039